 Dungeon Crawl Stone Soup version 0.31-a0-868-g674d60d6f7 (webtiles) character file.

Game seed: 12148680319687862205

175 GigaChad the Trooper (level 5, -1/33 HPs) *EXPLORE*
             Began as a Kobold Fighter on Oct 11, 2023.
             Slain by Farjai's ghost (5 damage)
             ... on level 3 of the Dungeon.
             The game lasted 00:02:27 (2501 turns).

GigaChad the Trooper (Kobold Fighter)               Turns: 2501, Time: 00:02:28

Health: -1/33      AC:  6    Str: 16    XL:     5   Next: 86%
Magic:  5/5        EV: 15    Int:  9    God:
Gold:   139        SH:  5    Dex: 14    Spells: 4/4 levels left

rFire   . . .        a - +0 war axe
rCold   . . .        c - +0 buckler
rNeg    . . .        b - +0 scale mail
rPois   .            (no helmet)
rElec   .            (no cloak)
rCorr   .            (no gloves)
SInv    .            (no boots)
Will    .....        (no amulet)
Stlth   +            k - +5 ring of evasion
HPRegen 0.25/turn    (no ring)
MPRegen 0.09/turn

%: no passive effects
@: no status effects
A: small, no large weapons, nightstalker 3
a: no special abilities


You were on level 3 of the Dungeon.
You visited 1 branch of the dungeon, and saw 3 of its levels.

You collected 139 gold pieces.

Inventory:

Hand Weapons
 a - a +0 war axe (weapon)
Armour
 b - a +0 scale mail (worn)
 c - a +0 buckler (worn)
Jewellery
 f - a ring of protection from fire
 k - a +5 ring of evasion (left hand)
Scrolls
 e - 5 scrolls of identify {unknown}
 g - 2 scrolls of vulnerability {unknown}
 h - a scroll of poison {unknown}
 i - a scroll of brand weapon {unknown}
 j - 3 scrolls of teleportation {unknown}
 m - a scroll of enchant weapon {unknown}
 p - a scroll of enchant armour {unknown}
 q - a scroll of summoning {unknown}
 u - a scroll of revelation {unknown}
Potions
 d - 5 potions of might
 l - a potion of magic {unknown}
 n - 3 potions of curing {unknown}
 o - a potion of heal wounds {unknown}
 r - a potion of brilliance {unknown}
 s - 3 potions of mutation {unknown}
 t - a potion of haste {unknown}


   Skills:
 * Level 4.1 Fighting
 * Level 3.1 Axes
 * Level 3.2 Armour
 * Level 3.0 Shields


You had 4 spell levels left.
You didn't know any spells.
Your spell library contained the following spells:

 Spells                   Type           Power      Damage    Failure   Level
 Shock                    Conj/Air       0%         1d3       88%         1
 Inner Flame              Hex/Fire       0%         N/A       99%         3
 Swiftness                Air            0%         N/A       99%         3
 Airstrike                Air            0%         2d(0-16)  100%        4
 Yara's Violent Unravell  Hex/Tmut       0%         3d3       100%        5
 Enfeeble                 Hex            0%         N/A       100%        7


Dungeon Overview and Level Annotations

Branches:
Dungeon (3/15)

Altars:

Annotations:
D:3 Farjai's ghost, amateur GnDe


Innate Abilities, Weirdness & Mutations

You are small and have problems with some larger weapons.
You are completely attuned to the shadows.


Message History

Farjai's ghost misses you.
You hit Farjai's ghost but do no damage.
Farjai's ghost is moderately damaged.
Farjai's ghost hits you.
You slash Farjai's ghost!
Farjai's ghost is heavily damaged.
Farjai's ghost misses you. Farjai's ghost completely misses you.
You hit Farjai's ghost.
Farjai's ghost is heavily damaged.
Farjai's ghost hits you.
You closely miss Farjai's ghost.
Farjai's ghost is heavily damaged.
You block Farjai's ghost's attack.
You barely miss Farjai's ghost.
Farjai's ghost is heavily damaged.
Farjai's ghost hits you! Farjai's ghost hits you.
You completely miss Farjai's ghost.
Farjai's ghost is heavily damaged.
Farjai's ghost closely misses you.
You slash Farjai's ghost!
Farjai's ghost is severely damaged.
You block Farjai's ghost's attack.
You miss Farjai's ghost.
Farjai's ghost is severely damaged.
Farjai's ghost barely misses you. You block Farjai's ghost's attack.
You hit Farjai's ghost but do no damage.
Farjai's ghost is severely damaged.
Farjai's ghost hits you!
* * * LOW HITPOINT WARNING * * *
You completely miss Farjai's ghost.
Farjai's ghost is severely damaged.
Farjai's ghost hits you.
* * * LOW HITPOINT WARNING * * *
You slash Farjai's ghost!
Farjai's ghost is almost destroyed.
Farjai's ghost barely misses you. Farjai's ghost hits you.
* * * LOW HITPOINT WARNING * * *
Farjai's ghost misses you. Farjai's ghost hits you.
You die...

#...##.# ##........
#...##.#
##..#####..
#...##.#
#..##...##.
#...##.# #####
#..#..÷..#.
#...##.# #.8.#
#..#..)..'.
##.###.## #.(.#
#..#.....#. #.#
#..## ##'##
#..##...##. #.#
#...######W..#
#...#####.. #.#
#.#.....##.@.#
#......÷...
######.#.###.....##
##.........
.......#.# #######
##.......#
##.......#
######### #########


You could see Farjai's ghost.

Vanquished Creatures
  An orc priest (D:3)
  Jessica (D:3)
  Natasha (D:2)
  3 adders
  A worm (D:3)
  3 dart slugs
  2 orcs (D:3)
  2 bats
  5 endoplasms
  3 giant cockroaches
  4 goblins
  6 hobgoblins
  3 quokkas
  9 ball pythons
  3 frilled lizards
  5 kobolds
  6 rats
58 creatures vanquished.

Notes
Turn   | Place    | Note
-------+----------+-------------------------------------------
     0 | D:1      | GigaChad the Kobold Fighter began the quest for the Orb.
     0 | D:1      | Reached XP level 1. HP: 14/14 MP: 1/1
    41 | D:1      | Entered explore mode.
   139 | D:1      | Reached XP level 2. HP: 13/19 MP: 2/2
   737 | D:1      | Reached XP level 3. HP: 21/23 MP: 3/3
  1103 | D:2      | Reached XP level 4. HP: 27/29 MP: 4/4
  1330 | D:2      | Noticed Natasha
  1338 | D:2      | Killed Natasha
  1516 | D:3      | Found a faded altar of an unknown god.
  1607 | D:3      | Reached XP level 5. HP: 32/33 MP: 5/5
  1774 | D:3      | Found a runed translucent door.
  1774 | D:3      | Noticed Farjai's ghost (amateur GnDe)
  1893 | D:3      | Noticed Jessica
  1899 | D:3      | Killed Jessica
  1984 | D:3      | Reached skill level 4 in Fighting
  2501 | D:3      | Slain by Farjai's ghost

Illustrated notes

Levels and vault maps discovered:
D:1:      dpeg_arrival_court, layout_basic, serial_bayou_ford_a
D:2:      layout_rooms, uniq_natasha
D:3:      layout_basic, shapermc_ecumenical_altar_venn, gammafunk_ghost_grave,
          corexii_hall_statues_x, chequers_jeans, kennysheep_jessica_study

Skill      XL: |  1  2  3  4  5 |
---------------+----------------+-----
Axes           | 2 3 |  3.1
Armour         | 3 |  3.2
Fighting       | 4 |  4.1
Shields        | 3 |  3.0

Action                     |  1- 3 |  4- 6 || total
---------------------------+-------+-------++-------
  Melee: War axe           |    86 |    99 ||   185
   Stab: Sleeping          |     1 |       ||     1
 Armour: Scale mail        |    48 |    44 ||    92
  Dodge: Dodged            |    65 |    65 ||   130
  Block: Buckler           |    14 |    36 ||    50

Table legend: (Time is in decaauts)
 A = Elapsed time spent in this place.
 B = Non-inter-level travel time spent in this place.
 C = Inter-level travel time spent in this place.
 D = Time resting spent in this place.
 E = Time spent auto-exploring this place.
 F = Levels seen in this place.
 G = Mean time per level.
                   A        B        C        D        E       F      G
               +--------+--------+--------+--------+--------+-----+--------+
         Total |   2588 |   2553 |     35 |      0 |   2060 |   3 |  862.7 |
       Dungeon |   2588 |   2553 |     35 |      0 |   2060 |   3 |  862.7 |
               +--------+--------+--------+--------+--------+-----+--------+

Top non-repeatable levels by time:
     D:3: 1118 daAuts
     D:1: 811 daAuts
     D:2: 659 daAuts
